 Dungeon Crawl Stone Soup version 0.31-a0-233-g139696dc86 (webtiles) character file.

Game seed: 14885359053815810828

56 qw the Shooter (level 3, -1/29 HPs)
             Began as a Minotaur Hexslinger on July 9, 2023.
             Slain by an endoplasm (2 damage)
             ... on level 2 of the Dungeon.
             The game lasted 00:00:26 (1073 turns).

qw the Shooter (Minotaur Hexslinger)                Turns: 1073, Time: 00:00:27

Health: -1/29      AC:  2    Str: 12    XL:     3   Next: 71%
Magic:  3/3        EV: 12    Int: 10    God:
Gold:   104        SH:  0    Dex: 14    Spells: 3/4 levels left

rFire   . . .        Y - +1 sling
rCold   . . .        (no shield)
rNeg    . . .        c - +0 robe
rPois   .            (helmet restricted)
rElec   .            (no cloak)
rCorr   .            (no gloves)
SInv    .            (no boots)
Will    .....        (no amulet)
Stlth   +            (no ring)
HPRegen 0.24/turn    (no ring)
MPRegen 0.08/turn

%: no passive effects
@: no status effects
A: horns 2, retaliatory headbutt
a: no special abilities


You were on level 2 of the Dungeon.
You visited 1 branch of the dungeon, and saw 2 of its levels.

You collected 104 gold pieces.


Innate Abilities, Weirdness & Mutations

You have a pair of horns on your head.
You reflexively headbutt those who attack you in melee.


   Skills:
 - Level 2.0 Fighting
 + Level 4.3 Ranged Weapons
 - Level 2.1 Dodging
 - Level 1.0 Spellcasting
 - Level 2.0 Hexes


You had 3 spell levels left.
You knew the following spells:

 Your Spells              Type           Power      Damage    Failure   Level
a - Slow                  Hex            16%        N/A       16%         1

Your spell library contained the following spells:

 Spells                   Type           Power      Damage    Failure   Level
 Inner Flame              Hex/Fire       2%         N/A       56%         3
 Portal Projectile        Hex/Tloc       4%         N/A       56%         3
 Cause Fear               Hex            2%         N/A       83%         4

Inventory:

Hand Weapons
 Y - a +1 sling (weapon)
Armour
 a - a +0 ring mail
 c - a +0 robe (worn)
Scrolls
 b - a scroll of identify
 g - 2 scrolls of blinking {unknown}
 i - a scroll of enchant armour {unknown}
Potions
 d - a potion of enlightenment {unknown}
 e - a potion of curing {unknown}
 f - a potion of heal wounds {unknown}
 h - a potion of mutation {unknown}
 j - a potion of degeneration {unknown}

Dungeon Overview and Level Annotations

Branches:
Dungeon (2/15)

Altars:


Message History

The worm is moderately wounded.
You shoot a sling bullet. The sling bullet hits the worm.
The worm is moderately wounded.
The endoplasm quivers.
You shoot a sling bullet. The sling bullet hits the worm.
The worm is heavily wounded.
The worm bites you!
You shoot a sling bullet.
The sling bullet completely misses the worm.
The worm bites you!
You shoot a sling bullet.
The sling bullet barely misses the worm.
You shoot a sling bullet.
The sling bullet completely misses the worm.
The worm completely misses you.
You shoot a sling bullet. The sling bullet hits the worm.
The worm is heavily wounded.
The endoplasm hits you but does no damage.
The worm bites you.
You shoot a sling bullet. The sling bullet hits the worm.
The worm is heavily wounded.
The endoplasm hits you. The worm bites you. The endoplasm misses you.
You shoot a sling bullet. The sling bullet hits the worm.
The worm is severely wounded.
The endoplasm freezes you.
You are frozen.
You shoot a sling bullet. The sling bullet hits the worm.
The worm is severely wounded.
The worm barely misses you.
The endoplasm hits you but does no damage.
You shoot a sling bullet. The sling bullet hits the worm.
The worm is almost dead.
The endoplasm freezes you.
You are frozen.
The worm closely misses you. You furiously retaliate!
You headbutt the worm.
You kill the worm!
You shoot a sling bullet. The sling bullet hits the endoplasm.
The endoplasm is heavily wounded.
The endoplasm hits you.
You die...

#.............
..>.#........
............
........... ..........
.........
##+#####+##%.......
#..........@J......
+..................
#..................
#..................
##...[.....#######
....#.#######..........
....#.# #...........#
......# #...........#
......####...........#


You could see an endoplasm.

Vanquished Creatures
  A gnoll (D:1)
  3 worms (D:2)
  A dart slug (D:1)
  5 ball pythons
  3 endoplasms
  A giant cockroach (D:1)
  4 goblins (D:1)
  A hobgoblin (D:2)
  5 kobolds
  A quokka (D:1)
  7 bats
  A frilled lizard (D:1)
  A rat (D:1)
34 creatures vanquished.

Notes
Turn   | Place    | Note
-------+----------+-------------------------------------------
     0 | D:1      | qw the Minotaur Hexslinger began the quest for the Orb.
     0 | D:1      | Reached XP level 1. HP: 16/16 MP: 1/1
     0 | D:1      | 0 ||| qw: Version: 0.3-a-51-g015441d
     0 | D:1      | 0 ||| qw: Game counter: 3961
     0 | D:1      | 0 ||| qw: Melee chars always use a shield: true
     0 | D:1      | 0 ||| qw: God list: Okawaru
     0 | D:1      | 0 ||| qw: Allow faded altars: false
     0 | D:1      | 0 ||| qw: Do Orc after clearing Dungeon:15 true
     0 | D:1      | 0 ||| qw: Do second Lair branch before Depths: true
     0 | D:1      | 0 ||| qw: Lair rune preference: random
     0 | D:1      | 0 ||| qw: Goals: Normal
     0 | D:1      | 0 ||| PLANNING D:1-11
   105 | D:1      | Reached skill level 3 in Ranged Weapons
   108 | D:1      | Reached XP level 2. HP: 23/23 MP: 2/2
   143 | D:1      | 143 ||| FLEEEEING.
   144 | D:1      | 144 ||| FLEEEEING.
   145 | D:1      | 145 ||| FLEEEEING.
   146 | D:1      | 146 ||| FLEEEEING.
   147 | D:1      | 147 ||| FLEEEEING.
   148 | D:1      | 148 ||| FLEEEEING.
   149 | D:1      | 149 ||| FLEEEEING.
   150 | D:1      | 150 ||| FLEEEEING.
   230 | D:1      | HP: 3/24 [gnoll/+0 spear (8)]
   233 | D:1      | Reached XP level 3. HP: 5/29 MP: 3/3
   704 | D:1      | 704 ||| READING scroll labelled JOANE LUSK.
   756 | D:1      | 756 ||| READING scroll labelled NOULAU JOYREUMN.
   757 | D:1      | 757 ||| READING scroll labelled IJYHUYZ BAOMM.
   758 | D:1      | 758 ||| READING scroll labelled TULOPP FASM.
   761 | D:1      | 761 ||| DROPPING scroll of poison.
   825 | D:2      | Reached skill level 4 in Ranged Weapons
  1069 | D:2      | HP: 5/29 [worm (3)]
  1070 | D:2      | HP: 2/29 [frozen (3)]
  1073 | D:2      | Slain by an endoplasm

Levels and vault maps discovered:
D:1:      psy_arrival_conway, layout_rooms, serial_bayou, serial_bayou_shore_a,
          serial_bayou_pond_d, serial_bayou_pond_d, serial_bayou_lake_a
D:2:      layout_basic

Skill      XL: |  1  2  3 |
---------------+----------+-----
Ranged Weapons | 3 4 |  4.3
Fighting       | 2 |  2.0
Dodging        | |  2.1
Spellcasting   | |  1.0
Hexes          | |  2.0

Action                     || total
---------------------------++-------
   Fire: Sling             ||   105
    Use: Scroll            ||     4
 Armour: Robe              ||    10
  Dodge: Dodged            ||    32

Table legend:
 A = Non-vault XP
 B = Vault XP
 C = Vault XP percentage of total XP
 D = Non-vault monster count
 E = Vault monster count
 F = Vault count percentage of total count
                 A         B        C        D         E       F
            +---------+---------+-------+---------+---------+-------
      Total |      81 |       0 |   0.0 |      34 |       0 |   0.0
            +---------+---------+-------+---------+---------+-------
        D:1 |      54 |       0 |   0.0 |      23 |       0 |   0.0
        D:2 |      27 |       0 |   0.0 |      11 |       0 |   0.0
            +---------+---------+-------+---------+---------+-------
